 Dungeon Crawl Stone Soup version 0.20.0-6-gd3061e9 (console) character file.

378 removed the Skirmisher (level 6, -10/34 HPs)
             Began as a Vine Stalker Earth Elementalist on May 28, 2017.
             Mangled by an iguana (14 damage)
             ... on level 4 of the Dungeon.
             The game lasted 00:07:38 (5064 turns).

removed the Skirmisher (VSEE)                       Turns: 5064, Time: 00:07:39

Health: -10/34     AC: 10    Str: 11    XL:     6   Next: 74%
Magic:  0/10       EV: 14    Int: 15    God:
Gold:   130        SH:  0    Dex: 16    Spells: 8/9 levels left

rFire    . . .     SeeInvis .   h - +0 dagger (protect)
rCold    . . .     Gourm    .   (no shield)
rNeg     . . .     Faith    .   c - +0 robe
rPois    +         Spirit   +   (no helmet)
rElec    .         Reflect  .   (no cloak)
rCorr    .         Harm     .   (no gloves)
MR       .....                  u - +0 pair of boots
Stlth    ++........             (no amulet)
Regen    0.6/turn               r - ring of poison resistance
MPRegen  0.2/turn               (no ring)

@: protection aura
A: fangs 2, regeneration 1, magic shield, antimagic bite, no potion heal 3, rot
immunity
a: no special abilities


You were on level 4 of the Dungeon.
You were not hungry.

You visited 1 branch of the dungeon, and saw 4 of its levels.

You collected 130 gold pieces.

Inventory:

Hand Weapons
 h - a +0 dagger of protection (weapon)
Missiles
 b - 87 stones (quivered)
Armour
 c - a +0 robe (worn)
 u - a +0 pair of boots (worn)
Jewellery
 r - a ring of poison resistance (left hand)
Scrolls
 f - a scroll of enchant armour {unknown}
 g - a scroll of blinking {unknown}
 k - a scroll of fear {unknown}
 l - 3 scrolls of identify {unknown}
 n - 4 scrolls of teleportation {unknown}
 o - 8 scrolls of remove curse {unknown}
 y - a scroll of amnesia {unknown}
 z - a scroll of magic mapping {unknown}
 B - a scroll of fog {unknown}
Potions
 i - 4 potions of curing {unknown}
 q - a potion of brilliance {unknown}
 x - a potion of flight {unknown}
Books
 e - a book of Geomancy

   Spells                             Type                      Level
   a - Sandblast                      Earth                        1
   b - Passwall                       Transmutation/Earth          2
   c - Stone Arrow                    Conjuration/Earth            3
   d - Petrify                        Transmutation/Earth          4
   e - Lee's Rapid Deconstruction     Earth                        5
 A - a book of Conjurations

   Spells                             Type                      Level
   a - Magic Dart                     Conjuration                  1
   b - Searing Ray                    Conjuration                  2
   c - Dazzling Spray                 Conjuration/Hexes            3
   d - Fulminant Prism                Conjuration/Hexes            4
   e - Force Lance                    Conjuration/Translocation    4
   f - Iskenderun's Mystic Blast      Conjuration                  4
Comestibles
 d - 2 bread rations
 p - 4 meat rations
 t - 2 fruits
 v - a royal jelly
 w - 3 chunks of flesh


   Skills:
 - Level 4.5 Fighting
 + Level 3.7 Dodging
 - Level 2.4 Stealth
 - Level 2.1 Spellcasting
   Level 1.0 Transmutations
 - Level 3.0 Earth Magic


You had 8 spell levels left.
You knew the following spells:

 Your Spells              Type           Power        Failure   Level  Hunger
a - Sandblast             Erth           ##....       6%          1    #......


Dungeon Overview and Level Annotations

Branches:
Dungeon (4/15)
 Temple: D:4-7

Altars:
Ashenzari
Cheibriados
Hepliaklqana
Nemelex Xobeh
Okawaru
Yredelemnul

Annotations:
D:3 MDvedh's ghost, amateur NaTm
D:4 exclusion: ogre


Innate Abilities, Weirdness & Mutations

You have extremely sharp teeth.
Your natural rate of healing is unusually fast.
When hurt, damage is shared between your health and your magic reserves.
Your bite disrupts and absorbs the magic of your enemies.
Potions cannot restore your health.
You are immune to rotting.


Message History

The iguana is moderately wounded.
The iguana bites you but does no damage.
You are too injured to fight recklessly!
You hit the iguana.
The iguana is heavily wounded.
The iguana bites you!
* * * LOW HITPOINT WARNING * * *
You are too injured to fight recklessly!
You hit the iguana but do no damage. You bite the iguana, but do no damage.
The iguana is heavily wounded.
The iguana bites you.
* * * LOW HITPOINT WARNING * * *
You are too injured to fight recklessly!
You hit the iguana.
The iguana is heavily wounded.
The iguana barely misses you.
You hit the iguana but do no damage. Your bite misses the iguana.
The iguana is heavily wounded.
The iguana bites you!
You die...

#..# . (#..#
.#####.#..#
..##...#..# #.#
#.##..# # #.#
#.....# # #.#
#.#..## # #.#
#.#l##
##########.###.#@##
#.................#
#.###.............#
#.#...#.###.......#
........# #.......#
#.#.....###.......#
...........<......#
#.#.....#.#.......#
#.........####.####


You could see an iguana.

Vanquished Creatures
  A scorpion (D:4)
  An orc priest (D:3)
  3 orc wizards (D:3)
  A hound skeleton (D:4)
  8 gnolls
  3 adders
  An ooze (D:1)
  An adder skeleton (D:4)
  2 worms (D:3)
  A dart slug (D:1)
  6 leopard geckos
  7 orcs
  4 giant cockroaches
  2 gnoll zombies (D:3)
  9 goblins
  7 hobgoblins
  6 jackals
  9 kobolds
  A quokka (D:4)
  2 ball pythons (D:2)
  9 bats
  5 frilled lizards
  6 rats
95 creatures vanquished.

Notes
Turn   | Place    | Note
-------+----------+-------------------------------------------
     0 | D:1      | removed the Vine Stalker Earth Elementalist began the quest for the Orb.
     0 | D:1      | Reached XP level 1. HP: 9/9 MP: 4/4
    59 | D:1      | Reached skill level 1 in Fighting
   341 | D:1      | Reached XP level 2. HP: 11/14 MP: 4/6
   893 | D:1      | Reached skill level 2 in Fighting
  1107 | D:1      | Reached XP level 3. HP: 3/18 MP: 3/7
  1794 | D:1      | Reached skill level 3 in Fighting
  2360 | D:2      | Gained mutation: Your natural rate of healing is unusually fast. [Vine Stalker growth]
  2360 | D:2      | Reached XP level 4. HP: 24/24 MP: 8/8
  2586 | D:2      | Found a snail-covered altar of Cheibriados.
  2780 | D:2      | You fall through a shaft!
  3180 | D:3      | Noticed MDvedh's ghost (amateur NaTm)
  3262 | D:3      | Reached XP level 5. HP: 15/28 MP: 9/9
  3428 | D:2      | HP: 1/28 [gnoll/halberd (5)]
  3497 | D:2      | HP: 1/28 [gnoll/halberd (15)]
  3906 | D:3      | Noticed an orc warrior
  4087 | D:3      | Found a basalt altar of Yredelemnul.
  4259 | D:3      | Reached XP level 6. HP: 31/33 MP: 10/10
  4276 | D:3      | Reached skill level 4 in Fighting
  4547 | D:4      | Found a hazy altar of Hepliaklqana.
  4903 | D:4      | Found a sparkling altar of Nemelex Xobeh.
  4906 | D:4      | Found an iron altar of Okawaru.
  4909 | D:4      | Found a shattered altar of Ashenzari.
  5064 | D:4      | Mangled by an iguana

Skill      XL: |  1  2  3  4  5  6 |
---------------+-------------------+-----
Fighting       | 1 2 3 4 |  4.5
Dodging        | 2 3 |  3.7
Stealth        | |  2.4
Spellcasting   | |  2.1
Transmutations | |  1.0
Earth Magic    | |  3.0

Action                   |  1- 3 |  4- 6 || total
-------------------------+-------+-------++-------
Melee: Unarmed           |   136 |       ||   136
       Bite              |    72 |   107 ||   179
       Dagger            |   120 |   386 ||   506
 Stab: Sleeping          |     4 |     2 ||     6
       Distracted        |     1 |       ||     1
  Eat: Chunk             |     5 |     9 ||    14
Armor: Robe              |    93 |    87 ||   180
Dodge: Dodged            |   217 |   249 ||   466
